 Dungeon Crawl Stone Soup version 0.29.0-4-gdea44cf6ec (webtiles) character file.

Game seed: 16214864599183526986

162 qw the Chopper (level 5, -13/30 HPs)
             Began as a Tengu Warper on Aug 29, 2022.
             Mangled by an ogre
             ... wielding a +0 giant club
              (15 damage)
             ... on level 5 of the Dungeon.
             The game lasted 00:00:26 (2514 turns).

qw the Chopper (Tengu Warper)                       Turns: 2514, Time: 00:00:26

Health: -13/30     AC:  6    Str: 13    XL:     5   Next: 43%
Magic:  9/9        EV: 11    Int: 13    God:
Gold:   100        SH:  0    Dex: 20    Spells: 8/8 levels left

rFire   . . .      SeeInvis .   Y - +1 hand axe
rCold   . . .      Faith    .   (no shield)
rNeg    . . .      Spirit   .   c - +0 scale mail
rPois   .          Reflect  .   (helmet restricted)
rElec   .          Harm     .   (no cloak)
rCorr   +          Rampage  .   (no gloves)
Will    .....                   (boots unavailable)
Stlth   ..........              (no amulet)
HPRegen 0.10/turn               d - +6 ring of dexterity
MPRegen 0.11/turn               f - ring of resist corrosion

@: flying quickly and evasively, quick
A: beak, talons 3, nimble flight
a: no special abilities


You were on level 5 of the Dungeon.
You visited 1 branch of the dungeon, and saw 5 of its levels.

You collected 100 gold pieces.


Innate Abilities, Weirdness & Mutations

You have a beak for a mouth.
You have claws for feet.
Your magical nature lets you fly swiftly and evasively.


   Skills:
 - Level 2.0 Fighting
 + Level 6.0 Axes
 - Level 1.0 Throwing
 - Level 1.1 Armour
 - Level 2.1 Dodging
 - Level 2.0 Spellcasting
 - Level 2.4 Translocations


You had 8 spell levels left.
You didn't know any spells.
Your spell library contained the following spells:

 Spells                   Type           Power      Damage    Failure   Level
 Blink                    Tloc           14%        N/A       56%         2
 Gell's Gravitas          Tloc           7%         N/A       80%         3
 Lesser Beckoning         Tloc           7%         N/A       80%         3
 Teleport Other           Tloc           7%         N/A       80%         3
 Manifold Assault         Tloc           7%         N/A       100%        5

Inventory:

Hand Weapons
 k - a +0 club
 Y - a +1 hand axe (weapon)
Armour
 c - a +0 scale mail (worn)
Jewellery
 d - a +6 ring of dexterity (left hand)
 f - a ring of resist corrosion (right hand)
Scrolls
 a - a scroll of identify
Potions
 g - a potion of brilliance {unknown}

Dungeon Overview and Level Annotations

Branches:
Dungeon (6/15)
 Temple: D:4-7

Altars:
Kikubaaqudgha


Message History

You feel sick. x3
You are no longer poisoned.
An iguana comes into view.
2487 ||| Stepping ~*~*~tactically~*~*~ (stealth).
2488 ||| Stepping ~*~*~tactically~*~*~ (stealth).
2489 ||| Stepping ~*~*~tactically~*~*~ (stealth).
2490 ||| Stepping ~*~*~tactically~*~*~ (stealth).
You start resting.
An iguana is nearby!
2494 ||| Stepping ~*~*~tactically~*~*~ (stealth).
You start resting.
An iguana is nearby!
The iguana hisses angrily.
An iguana comes into view.
You hit the iguana. You claw the iguana, but do no damage.
The iguana is lightly wounded.
The iguana barely misses you.
You hit the iguana.
The iguana is heavily wounded.
You hit the iguana but do no damage. The iguana bites you.
The iguana bites you!
2511 ||| READING scroll of teleportation.
As you read the scroll of teleportation, it crumbles to dust.
You feel strangely unstable.
The iguana bites you but does no damage.
The iguana bites you.
You hit the iguana but do no damage. You claw the iguana. You peck the iguana.
You kill the iguana!
You hit the iguana but do no damage.
The iguana bites you but does no damage.
Your Axes skill increases to level 6!
You hit the iguana but do no damage. You peck the iguana, but do no damage.
Your surroundings suddenly seem different.
An ogre and a necrophage come into view.
Found 12 stones and 12 gold pieces.
Found an escape hatch in the ceiling.
You slash the ogre! Your peck misses the ogre.
The ogre is moderately wounded.
The ogre hits you with a +0 giant club!
Ouch! That really hurt!
You die...

########
##.<....
#
.....###
.
#.....$#
#@O((..#
.
#........
.
#......##
#n.....#
...#.###
#.##.#
#.# # ...


You could see an ogre and a necrophage.

Vanquished Creatures
  A scorpion (D:5)
  Terence (D:3)
  An iguana (D:5)
  An adder (D:2)
  3 worms
  A dart slug (D:1)
  A ball python (D:1)
  2 bats (D:2)
  4 endoplasms
  3 goblins
  3 hobgoblins
  7 jackals (D:1)
  2 quokkas (D:2)
  5 frilled lizards
  2 kobolds
  2 rats
39 creatures vanquished.

Notes
Turn   | Place    | Note
-------+----------+-------------------------------------------
     0 | D:1      | qw the Tengu Warper began the quest for the Orb.
     0 | D:1      | Reached XP level 1. HP: 12/12 MP: 4/4
     0 | D:1      | 0 ||| qw: Version: 0.1-a-89-g26bdef1
     0 | D:1      | 0 ||| qw: Game counter: 3509
     0 | D:1      | 0 ||| qw: Always use a shield: true
     0 | D:1      | 0 ||| qw: God list: Okawaru
     0 | D:1      | 0 ||| qw: Allow faded altars: false
     0 | D:1      | 0 ||| qw: Do Orc after D:15 true
     0 | D:1      | 0 ||| qw: Do second Lair branch before Depths: true
     0 | D:1      | 0 ||| qw: Lair rune preference: random
     0 | D:1      | 0 ||| qw: Plans: Normal
     0 | D:1      | 0 ||| PLANNING D:1-11
     3 | D:1      | Noticed an electric eel
     4 | D:1      | Noticed an electric eel
   219 | D:1      | Reached skill level 3 in Axes
   219 | D:1      | Reached XP level 2. HP: 6/17 MP: 6/6
   222 | D:1      | HP: 3/17 [kobold/+0 short sword (4)]
   592 | D:1      | 592 ||| Stepping ~*~*~tactically~*~*~ (stealth).
   593 | D:1      | 593 ||| Stepping ~*~*~tactically~*~*~ (stealth).
   609 | D:1      | HP: 3/17 [jackal (2)]
   618 | D:1      | 618 ||| Stepping ~*~*~tactically~*~*~ (stealth).
   624 | D:1      | 624 ||| Stepping ~*~*~tactically~*~*~ (stealth).
   679 | D:1      | 679 ||| Stepping ~*~*~tactically~*~*~ (stealth).
   683 | D:1      | 683 ||| Stepping ~*~*~tactically~*~*~ (stealth).
   770 | D:1      | 770 ||| Stepping ~*~*~tactically~*~*~ (stealth).
   771 | D:1      | 771 ||| Stepping ~*~*~tactically~*~*~ (stealth).
   775 | D:1      | 775 ||| Stepping ~*~*~tactically~*~*~ (stealth).
   938 | D:1      | Found a faded altar of an unknown god.
  1073 | D:1      | Reached XP level 3. HP: 19/21 MP: 7/7
  1215 | D:1      | 1215 ||| UPGRADING to +0 ring mail.
  1225 | D:1      | 1225 ||| DROPPING +0 leather armour.
  1226 | D:1      | 1226 ||| READING scroll labelled HELIOMM AXOGUNT.
  1327 | D:1      | 1327 ||| READING 3 scrolls labelled GARITI REOQUK.
  1330 | D:1      | 1330 ||| READING 2 scrolls labelled IRHU ODUAB YLE.
  1331 | D:1      | 1331 ||| READING scroll labelled NIDOESEYNA.
  1332 | D:1      | 1332 ||| READING scroll labelled VIROUT VINI.
  1333 | D:1      | 1333 ||| READING scroll labelled JIUTHR KAOPS.
  1334 | D:1      | 1334 ||| DROPPING scroll of blinking.
  1335 | D:1      | 1335 ||| DROPPING scroll of amnesia.
  1400 | D:2      | Reached skill level 4 in Axes
  2041 | D:2      | 2041 ||| UPGRADING to +6 ring of dexterity.
  2042 | D:2      | 2042 ||| UPGRADING to ring of resist corrosion.
  2043 | D:2      | 2043 ||| DRINKING 2 brown potions.
  2044 | D:2      | 2044 ||| READING 2 scrolls of identify.
  2044 | D:2      | 2044 ||| IDENTIFYING fuming ruby potion
  2045 | D:2      | 2045 ||| DROPPING potion of flight.
  2128 | D:3      | Reached XP level 4. HP: 26/26 MP: 8/8
  2196 | D:3      | Found an ancient bone altar of Kikubaaqudgha.
  2205 | D:3      | Noticed Terence
  2214 | D:3      | Killed Terence
  2215 | D:3      | Reached skill level 5 in Axes
  2408 | D:3      | You fall into a shaft and drop 3 floors!
  2409 | D:6      | 2409 ||| UPGRADING to +0 scale mail.
  2419 | D:6      | 2419 ||| DROPPING +0 ring mail.
  2422 | D:5      | Entered Level 5 of the Dungeon
  2435 | D:5      | Noticed a scorpion
  2440 | D:5      | HP: 5/26 [poisoned by a scorpion]
  2440 | D:5      | HP: 2/26 [scorpion (3)]
  2441 | D:5      | 2441 ||| READING 2 scrolls of teleportation.
  2442 | D:5      | 2442 ||| DRINKING potion of heal wounds.
  2443 | D:5      | Killed a scorpion
  2444 | D:5      | Gained mutation: Your magical nature lets you fly swiftly
                  | and evasively. [Tengu growth]
  2444 | D:5      | Reached XP level 5. HP: 16/30 MP: 9/9
  2487 | D:5      | 2487 ||| Stepping ~*~*~tactically~*~*~ (stealth).
  2488 | D:5      | 2488 ||| Stepping ~*~*~tactically~*~*~ (stealth).
  2489 | D:5      | 2489 ||| Stepping ~*~*~tactically~*~*~ (stealth).
  2490 | D:5      | 2490 ||| Stepping ~*~*~tactically~*~*~ (stealth).
  2494 | D:5      | 2494 ||| Stepping ~*~*~tactically~*~*~ (stealth).
  2510 | D:5      | HP: 6/30 [iguana (11)]
  2511 | D:5      | 2511 ||| READING scroll of teleportation.
  2511 | D:5      | HP: 2/30 [iguana (4)]
  2513 | D:5      | Reached skill level 6 in Axes
  2513 | D:5      | Noticed an ogre
  2514 | D:5      | Mangled by an ogre

Levels and vault maps discovered:
D:1:      arrival_aquarium_b, layout_rooms, ebering_ecumenical_altar_hall
D:2:      layout_basic
D:3:      layout_loops_corners, kiku_gazebo_pond_becter,
          minmay_misc_feat_pillars, uniq_terence
D:5:      layout_loops_ring, kennysheep_generic_room_14, uniq_grinder
D:6:      layout_basic

Skill      XL: |  1  2  3  4  5 |
---------------+----------------+-----
Axes           | 3 4 5 6 |  6.0
Fighting       | |  2.0
Throwing       | |  1.0
Armour         | |  1.1
Dodging        | |  2.1
Spellcasting   | |  2.0
Translocations | |  2.4

Action                   |  1- 3 |  4- 6 || total
-------------------------+-------+-------++-------
Melee: Hand axe          |    87 |    20 ||   107
       Kick              |    18 |    10 ||    28
       Peck              |    10 |     5 ||    15
Throw: Boomerang         |     7 |       ||     7
  Use: Scroll            |     7 |     2 ||     9
       Potion            |     1 |     1 ||     2
Armor: Leather armour    |    12 |       ||    12
       Ring mail         |     8 |     1 ||     9
       Scale mail        |       |     2 ||     2
Dodge: Dodged            |    48 |     6 ||    54

Table legend:
 A = Non-vault XP
 B = Vault XP
 C = Vault XP percentage of total XP
 D = Non-vault monster count
 E = Vault monster count
 F = Vault count percentage of total count
                 A         B        C        D         E       F
            +---------+---------+-------+---------+---------+-------
      Total |     121 |     111 |  47.8 |      37 |       2 |   5.1
            +---------+---------+-------+---------+---------+-------
        D:1 |      36 |       0 |   0.0 |      20 |       0 |   0.0
        D:2 |      40 |       0 |   0.0 |      13 |       0 |   0.0
        D:3 |       9 |      36 |  80.0 |       3 |       1 |  25.0
        D:5 |      36 |      75 |  67.6 |       1 |       1 |  50.0
            +---------+---------+-------+---------+---------+-------
